 Dungeon Crawl Stone Soup version 0.29.1-1-gd02db6906a (webtiles) character file.

Game seed: 16519342941819812751

2814 LustLizard the Grappler (level 9, -2/89 HPs)
             Began as a Troll Fighter on Sept 28, 2022.
             Was a Follower of Wu Jian.
             Slain by Grum
             ... wielding a +1 halberd of freezing
              (3 damage)
             ... on level 8 of the Dungeon.
             The game lasted 00:09:30 (5994 turns).

LustLizard the Grappler (Troll Fighter)             Turns: 5994, Time: 00:09:31

Health: -2/89      AC:  4    Str: 26    XL:     9   Next: 44%
Magic:  17/17      EV:  9    Int:  8    God:    Wu Jian [*.....]
Gold:   324        SH:  8    Dex:  9    Spells: 8/8 levels left

rFire   . . .      SeeInvis .     - Unarmed
rCold   . . .      Faith    .   b - +0 kite shield
rNeg    + . .      Spirit   .   a - +0 robe
rPois   .          Reflect  .   (helmet restricted)
rElec   .          Harm     .   (no cloak)
rCorr   .          Rampage  .   (gloves unavailable)
Will    .....                   (boots unavailable)
Stlth   +.........              (no amulet)
HPRegen 1.04/turn               o - ring of magical power
MPRegen 0.15/turn               D - ring of positive energy

@: studying Dodging
A: large, unfitting armour, claws 3, regeneration 1, shaggy fur 1, tough skin 1
a: Renounce Religion


You were on level 8 of the Dungeon.
You worshipped Wu Jian.
Wu Jian was aware of your devotion.
You visited 2 branches of the dungeon, and saw 9 of its levels.

You collected 324 gold pieces.

Inventory:

Missiles
 e - 29 poisoned darts
 l - 98 stones
 y - a boomerang of dispersal
 z - 4 javelins (quivered)
 K - 2 throwing nets
Armour
 a - a +0 robe (worn)
 b - a +0 kite shield (worn)
Jewellery
 h - a ring of magical power
 o - a ring of magical power (left claw)
 v - a ring of wizardry
 D - a ring of positive energy (right claw)
 G - an amulet of faith
Wands
 I - a wand of polymorph (11)
Scrolls
 f - 2 scrolls of fear {unknown}
 g - 2 scrolls of poison {unknown}
 i - 5 scrolls of teleportation
 j - a scroll of amnesia {unknown}
 n - 2 scrolls of magic mapping {unknown}
 r - 2 scrolls of brand weapon {unknown}
 s - 2 scrolls of enchant weapon {unknown}
 u - 2 scrolls of noise {unknown}
 w - 2 scrolls of butterflies
 x - a scroll of blinking {unknown}
 A - a scroll of torment
 B - 3 scrolls of immolation
 F - a scroll of acquirement {unknown}
Potions
 c - 2 potions of might
 d - 2 potions of magic
 k - 3 potions of flight
 m - 5 potions of curing
 p - a potion of ambrosia
 q - 3 potions of degeneration
 t - a potion of resistance
 C - a potion of lignification {unknown}
 E - a potion of invisibility {unknown}
 H - a potion of heal wounds {unknown}
 J - 2 potions of haste {unknown}


   Skills:
 + Level 5.9 Fighting
 + Level 3.1 Dodging
 + Level 6.5 Shields
 * Level 9.4 Unarmed Combat


You had 8 spell levels left.
You didn't know any spells.
Your spell library contained the following spells:

 Spells                   Type           Power      Damage    Failure   Level
 Apportation              Tloc           0%         N/A       67%         1
 Necrotise                Necr           0%         1d4       67%         1
 Shock                    Conj/Air       0%         1d3       67%         1
 Summon Small Mammal      Summ           0%         N/A       67%         1
 Conjure Flame            Conj/Fire      0%         6-21      95%         3
 Ignite Poison            Fire/Tmut/Pois 0%         N/A       95%         3
 Ozocubu's Armour         Ice            0%         N/A       95%         3
 Swiftness                Air            0%         N/A       95%         3
 Airstrike                Air            0%         2d(0-16)  100%        4
 Sticky Flame             Conj/Fire      0%         2d3       100%        4
 Ozocubu's Refrigeration  Ice            0%         4d7       100%        7


Dungeon Overview and Level Annotations

Branches:
Dungeon (8/15)             Temple (1/1) D:4
   Lair: D:8-11

Altars:
Ashenzari
Cheibriados
Dithmenos
Fedhas
Hepliaklqana
Kikubaaqudgha
Makhleb
Nemelex Xobeh
Qazlal
Ru
Sif Muna
Wu Jian
Xom
Yredelemnul
Zin
The Shining One

Annotations:
D:8 Grum


Innate Abilities, Weirdness & Mutations

You are too large for most types of armour.
You have claws for hands.
Your natural rate of healing is unusually fast.
You are covered in fur. (AC +1)
You have tough skin. (AC +1)


Message History

You scratch the wolf but do no damage.
The wolf is almost dead.
The wolf bites you! The wolf closely misses you. Grum closely misses you.
The wolf closely misses you. The wolf bites you.
The wolf attacks as you move away! The wolf closely misses you.
You block the wolf's attack. The wolf attacks as you move away!
The wolf bites you! You block the wolf's attack.
The wolf attacks as you move away! The wolf barely misses you.
You block the wolf's attack. You block the wolf's attack.
You spin and attack the wolf.
You barely miss the wolf. The wolf bites you! You block the wolf's attack.
Grum stares intently and growls.
You block the wolf's attack. The wolf bites you. You block the wolf's attack.
The wolf attacks as you move away! You block the wolf's attack.
You block the wolf's attack. The wolf attacks as you move away!
The wolf barely misses you. x2
The wolf bites you! The wolf attacks as you move away! The wolf bites you.
* * * LOW HITPOINT WARNING * * *
The wolf misses you. The wolf attacks as you move away!
You block the wolf's attack. The wolf bites you!
* * * LOW HITPOINT WARNING * * *
The wolf bites you.
* * * LOW HITPOINT WARNING * * *
The wolf bites you.
* * * LOW HITPOINT WARNING * * *
The wolf attacks as you move away! The wolf bites you.
* * * LOW HITPOINT WARNING * * *
There is a stone staircase leading up here.
Okay, then.
The wolf closely misses you. You block the wolf's attack.
Grum hits you from afar with a +1 halberd of freezing.
* * * LOW HITPOINT WARNING * * *
Grum freezes you.
You die...

.... #...
..... #.$#
......###..#
.........(.#
...... #.?#
......##.##
.......g.#
####.#..##
######
#..h.####@hgh#
#.......####.#
#..#.##.# #.#
........##h#
#.#
.##...####.#
#h# #...
#.####.# ###
#.h....#
########


You could see Grum and 2 wolves.

Vanquished Creatures
  A two-headed ogre (D:7)
  A troll (D:7)
  Menkaure (D:5)
  A water moccasin (D:5)
  A sky beast (D:6)
  2 ice beasts (D:7)
  A black bear (D:6)
  An ogre (D:7)
  A wolf (D:8)
  A centaur (D:6)
  A phantom (D:6)
  A kobold brigand (D:6)
  A bullfrog (D:7)
  4 scorpions
  A howler monkey (D:4)
  6 hounds
  A jelly (D:5)
  An orc priest (D:4)
  3 gnoll boudas
  3 iguanas
  2 orc wizards (D:5)
  10 gnolls
  7 adders
  A shadow imp (D:5)
  A white imp (D:6)
  A dart slug (D:1)
  19 orcs
  6 endoplasms
  2 giant cockroaches
  6 goblins
  7 hobgoblins
  9 jackals
  3 quokkas
  5 ball pythons
  5 bats
  2 frilled lizards
  13 kobolds
  5 rats
137 creatures vanquished.

Notes
Turn   | Place    | Note
-------+----------+-------------------------------------------
     0 | D:1      | LustLizard the Troll Fighter began the quest for the Orb.
     0 | D:1      | Reached XP level 1. HP: 22/22 MP: 0/0
    92 | D:1      | Reached XP level 2. HP: 29/29 MP: 1/1
   394 | D:1      | Found a faded altar of an unknown god.
   766 | D:2      | Reached XP level 3. HP: 33/36 MP: 2/2
   786 | D:2      | Reached skill level 3 in Unarmed Combat
  1354 | D:2      | Reached XP level 4. HP: 44/44 MP: 3/3
  1969 | D:3      | Found a stormy altar of Qazlal.
  2059 | D:3      | Found a shimmering blue altar of Sif Muna.
  2369 | D:4      | Found a glowing golden altar of the Shining One.
  2617 | D:4      | Found a burning altar of Makhleb.
  2620 | D:4      | Reached XP level 5. HP: 51/53 MP: 4/4
  2624 | D:4      | Reached skill level 4 in Unarmed Combat
  2635 | D:4      | Found a basalt altar of Yredelemnul.
  2638 | D:4      | Found an ancient bone altar of Kikubaaqudgha.
  2876 | D:4      | Found a staircase to the Ecumenical Temple.
  2890 | Temple   | Entered the Ecumenical Temple
  2895 | Temple   | Became a worshipper of the Wu Jian Council
  3003 | D:5      | Entered Level 5 of the Dungeon
  3124 | D:5      | Noticed Menkaure
  3137 | D:5      | Killed Menkaure
  3138 | D:5      | Reached XP level 6. HP: 7/61 MP: 5/5
  3204 | D:5      | Found a broken altar of Ashenzari.
  3230 | D:5      | Reached skill level 5 in Unarmed Combat
  3300 | D:5      | Noticed a water moccasin
  3437 | D:5      | Killed a water moccasin
  3438 | D:5      | Reached XP level 7. HP: 43/68 MP: 6/6
  3657 | D:5      | Reached skill level 6 in Unarmed Combat
  4229 | D:6      | Reached skill level 5 in Shields
  4240 | D:6      | Reached XP level 8. HP: 75/79 MP: 7/7
  4278 | D:6      | Reached skill level 7 in Unarmed Combat
  4477 | D:6      | Reached * piety under Wu Jian
  4525 | D:6      | Reached skill level 5 in Fighting
  5146 | D:7      | Reached skill level 8 in Unarmed Combat
  5374 | D:7      | Noticed a two-headed ogre
  5390 | D:7      | Killed a two-headed ogre
  5391 | D:7      | Reached skill level 9 in Unarmed Combat
  5391 | D:7      | Reached XP level 9. HP: 70/89 MP: 8/8
  5454 | D:7      | Noticed a troll
  5812 | D:7      | Killed a troll
  5861 | D:7      | Found a hazy altar of Hepliaklqana.
  5964 | D:8      | Noticed Grum
  5994 | D:8      | HP: 1/89 [Grum/+1 halberd of freezing (6)]
  5994 | D:8      | Slain by Grum

Illustrated notes

Levels and vault maps discovered:
D:1:      lightli_arrival_quake, layout_loops_cross,
          ebering_ecumenical_altar_petrified, st_stairs_7,
          minmay_indecisive_spiral
D:2:      layout_basic
D:3:      layout_loops_ring, nicolae_qazlal_general_emergency,
          lemuel_doored_altar, hangedman_glass_teeth
D:4:      layout_cave_pods, grunt_temple_overflow_cloverleaf,
          minmay_temple_entry_overgrown
D:5:      layout_loops_ring, cheibrodos_ashenzari_chains, kennysheep_donut,
          dreamdust_princess_corridor, kennysheep_cluttered_room,
          kennysheep_generic_room_4, uniq_menkaure
D:6:      layout_loops_ring
D:7:      layout_basic, mainiacjoe_overflow_alcove_2, minmay_manual_mail
D:8:      black_bear_nest_1, layout_basic, wad_dig_loot, uniq_grum,
          uniq_prince_ribbit1
Temple:   cyrus_circular_temple

Skill      XL: |  1  2  3  4  5  6  7  8  9 |
---------------+----------------------------+-----
Shields        | 3 4 5 6 |  6.5
Unarmed Combat | 3 4 5 6 9 |  9.4
Fighting       | 3 4 5 |  5.9
Dodging        | 3 |  3.1

Action                   |  1- 3 |  4- 6 |  7- 9 || total
-------------------------+-------+-------+-------++-------
Melee: Unarmed           |   107 |   115 |   190 ||   412
Throw: Javelin           |       |     1 |     8 ||     9
       Stone             |       |       |     1 ||     1
       Dart              |       |       |     4 ||     4
Invok: Lunge             |       |     5 |    21 ||    26
       Whirlwind         |       |       |     2 ||     2
  Use: Scroll            |       |     7 |     3 ||    10
       Potion            |       |     1 |       ||     1
 Stab: Sleeping          |       |     1 |       ||     1
Armor: Robe              |    28 |    21 |    44 ||    93
Dodge: Dodged            |    31 |    32 |    71 ||   134
Block: Kite shield       |    41 |    28 |    56 ||   125
